 Dungeon Crawl Stone Soup version 0.31-a0-691-g409c26aa35 (webtiles) character file.

Game seed: 11538464871417587684

263 qw the Shooter (level 6, 0/38 HPs)
             Began as a Gargoyle Hunter on Sept 6, 2023.
             Was an Initiate of Okawaru.
             Frozen to death by an endoplasm (1 damage)
             ... on level 4 of the Dungeon.
             The game lasted 00:00:58 (1999 turns).

qw the Shooter (Gargoyle Hunter)                    Turns: 1999, Time: 00:00:58

Health: 0/38       AC: 16    Str: 15    XL:     6   Next: 19%
Magic:  6/6        EV:  8    Int:  9    God:    Okawaru [......]
Gold:   135        SH:  0    Dex: 15    Spells: 5/5 levels left

rFire   . . .        Y - +0 shortbow (chaos)
rCold   + + .        (shield currently unavailable)
rNeg    + . .        f - +0 ring mail {rC+}
rPois   inf          (no helmet)
rElec   +            (no cloak)
rCorr   .            l - +2 pair of gloves {Stlth+}
SInv    .            (no boots)
Will    .....        (no amulet)
Stlth   ++           b - +4 ring of protection
HPRegen 0.26/turn    j - ring of protection from cold
MPRegen 0.10/turn

%: no passive effects
@: constricted
A: sickness immunity, AC +4, negative energy resistance 1, electricity
resistance, torment resistance 1, petrification resistance
a: Renounce Religion


You were on level 4 of the Dungeon.
You worshipped Okawaru.
Okawaru was noncommittal.
You visited 2 branches of the dungeon, and saw 5 of its levels.

You collected 135 gold pieces.


Innate Abilities, Weirdness & Mutations

You are immune to sickness and miasma.
Your stone body is resilient. (AC +4)
You are immune to poison.
You resist negative energy. (rN+)
You are resistant to electric shocks. (rElec)
You are resistant to unholy torment.
You are immune to petrification.


   Skills:
 - Level 4.0 Fighting
 + Level 6.3 Ranged Weapons
 - Level 1.2 Armour
 - Level 1.5 Dodging
 - Level 1.1 Stealth


You had 5 spell levels left.
You didn't know any spells.
Your spell library was empty.

Inventory:

Hand Weapons
 Y - a +0 shortbow of chaos (weapon)
Armour
 f - a +0 ring mail of cold resistance (worn)
 l - a +2 pair of gloves of stealth (worn)
 n - the +1 ring mail of Defence {Drain Str+4 Dex+5}
   (You found it on level 4 of the Dungeon)

   Str+4:     It affects your strength (+4).
   Dex+5:     It affects your dexterity (+5).
   Drain:     It drains your maximum health when unequipped.
Jewellery
 b - a +4 ring of protection (left hand)
 h - a ring of positive energy
 j - a ring of protection from cold (right hand)
Scrolls
 a - a scroll of identify
Potions
 c - a potion of degeneration {unknown}
 d - a potion of mutation
 e - a potion of curing
 g - a potion of attraction {unknown}
 i - a potion of haste
 k - a potion of ambrosia {unknown}
 m - a potion of brilliance {unknown}

Dungeon Overview and Level Annotations

Branches:
Dungeon (4/15)             Temple (1/1) D:4

Altars:
Cheibriados
Elyvilon
Makhleb
Okawaru
Vehumet
Xom
Yredelemnul
Zin
The Shining One

Annotations:
D:2 1 runed translucent door, Crazy Yiuf
D:4 exclusion: 3 kobolds


Message History

The adder barely misses you. The adder closely misses you.
The endoplasm hits you but does no damage.
You stop removing your armour.
The ball python bites you but does no damage.
The ball python constricts you. The adder bites you but does no damage.
1994 ||| UPGRADING to +1 ring mail of Defence {Drain Str+4 Dex+5}.
The adder bites you but does no damage.
You stop removing your armour.
The ball python bites you but does no damage.
The ball python constricts you.
The endoplasm hits you but does no damage.
The adder barely misses you. The adder closely misses you.
1995 ||| UPGRADING to +1 ring mail of Defence {Drain Str+4 Dex+5}.
The ball python barely misses you. The ball python constricts you.
You stop removing your armour.
The adder bites you but does no damage. The endoplasm freezes you.
You are frozen.
You resist. The adder barely misses you.
1996 ||| UPGRADING to +1 ring mail of Defence {Drain Str+4 Dex+5}.
The ball python closely misses you. The ball python constricts you.
You stop removing your armour.
The adder bites you but does no damage. x2
The endoplasm hits you but does no damage.
The adder barely misses you.
The ball python bites you but does no damage.
The ball python constricts you.
1997 ||| UPGRADING to +1 ring mail of Defence {Drain Str+4 Dex+5}.
The adder closely misses you. The endoplasm closely misses you.
The adder bites you but does no damage.
You stop removing your armour.
The ball python bites you but does no damage.
The ball python constricts you. The adder bites you but does no damage.
1998 ||| UPGRADING to +1 ring mail of Defence {Drain Str+4 Dex+5}.
The adder barely misses you. The endoplasm barely misses you.
The ball python bites you but does no damage.
You stop removing your armour.
The ball python constricts you. The adder bites you.
1999 ||| UPGRADING to +1 ring mail of Defence {Drain Str+4 Dex+5}.
The adder bites you but does no damage.
You stop removing your armour.
The ball python bites you but does no damage.
The ball python constricts you. The adder bites you but does no damage.
The endoplasm freezes you.
You are frozen.
You resist.
You die...

#.# ####.# #
#######.##.# .#
####..........###.#
...........#..#.%.#
.##...#..##.....### #
######..##........# .%.
.####..###......SS#.~~~~
.......###....#.@S!.~K..
.#...>..#..##.#..J#.~.~~
.%#........##.....# ~...
..##.##..######..## ¤¤.
##.#####.# #..# #.# .#
#..# #.. ## #..# ######.
#..# ...... .


You could see 2 adders, an endoplasm, a ball python and a kobold.

Vanquished Creatures
  An ogre (D:4)
  2 hounds (D:4)
  An iguana (D:4)
  2 adders
  2 worms (D:2)
  A dart slug (D:1)
  2 orcs (D:3)
  4 ball pythons
  8 endoplasms
  A giant cockroach (D:2)
  5 goblins
  7 hobgoblins
  2 jackals (D:4)
  3 kobolds
  4 quokkas
  3 bats
  4 frilled lizards
  6 rats
58 creatures vanquished.

Notes
Turn   | Place    | Note
-------+----------+-------------------------------------------
     0 | D:1      | qw the Gargoyle Hunter began the quest for the Orb.
     0 | D:1      | Reached XP level 1. HP: 12/12 MP: 1/1
     0 | D:1      | 0 ||| qw: Version: 0.3-a-76-g4403597
     0 | D:1      | 0 ||| qw: Game counter: 236
     0 | D:1      | 0 ||| qw: Melee chars always use a shield: true
     0 | D:1      | 0 ||| qw: God list: Okawaru
     0 | D:1      | 0 ||| qw: Allow faded altars: false
     0 | D:1      | 0 ||| qw: Do Orc after clearing Dungeon:15 true
     0 | D:1      | 0 ||| qw: Do second Lair branch before Depths: true
     0 | D:1      | 0 ||| qw: Lair rune preference: random
     0 | D:1      | 0 ||| qw: Goals: Normal
     0 | D:1      | 0 ||| PLANNING D:1-11
   201 | D:1      | Reached XP level 2. HP: 17/17 MP: 2/2
   451 | D:1      | 451 ||| UPGRADING to +0 ring mail.
   461 | D:1      | 461 ||| DROPPING +0 leather armour.
   462 | D:1      | 462 ||| UPGRADING to +0 ring mail of cold resistance.
   472 | D:1      | 472 ||| DROPPING +0 ring mail.
   473 | D:1      | 473 ||| READING 2 scrolls labelled IJIUCLYIMP.
   474 | D:1      | 474 ||| READING scroll labelled FAUX QEUTY.
   475 | D:1      | 475 ||| DRINKING 2 glowing black potions.
   476 | D:1      | 476 ||| DROPPING scroll of butterflies.
   604 | D:2      | Reached skill level 1 in Armour
   604 | D:2      | Reached XP level 3. HP: 21/21 MP: 3/3
   724 | D:2      | Found a faded altar of an unknown god.
   921 | D:2      | Found a runed translucent door.
   922 | D:2      | Noticed Crazy Yiuf
  1084 | D:2      | 1084 ||| UPGRADING to +4 ring of protection.
  1085 | D:2      | 1085 ||| UPGRADING to ring of positive energy.
  1086 | D:2      | 1086 ||| UPGRADING to ring of protection from cold.
  1088 | D:2      | 1088 ||| DROPPING ring of flight.
  1089 | D:2      | 1089 ||| READING 4 scrolls labelled IKHLA VYNISHI.
  1090 | D:2      | 1090 ||| READING scroll labelled JORUCAYPTO.
  1091 | D:2      | 1091 ||| DRINKING 2 glowing white potions.
  1092 | D:2      | 1092 ||| READING 2 scrolls of identify.
  1092 | D:2      | 1092 ||| IDENTIFYING dark potion
  1093 | D:2      | 1093 ||| DROPPING 3 scrolls of amnesia.
  1178 | D:3      | Reached skill level 5 in Ranged Weapons
  1295 | D:3      | Found a burning altar of Makhleb.
  1352 | D:3      | Reached XP level 4. HP: 27/27 MP: 4/4
  1361 | D:3      | Reached skill level 3 in Fighting
  1708 | D:3      | 1708 ||| READING scroll labelled TYIMOZX NENNEU.
  1709 | D:3      | 1709 ||| READING scroll labelled BOGEAR ONEO.
  1801 | D:4      | Noticed an ogre
  1806 | D:4      | Killed an ogre
  1807 | D:4      | Reached skill level 6 in Ranged Weapons
  1807 | D:4      | Reached XP level 5. HP: 20/32 MP: 5/5
  1877 | D:4      | Found a staircase to the Ecumenical Temple.
  1878 | D:4      | 1878 ||| PLANNING TEMPLE
  1878 | D:4      | 1878 ||| UPGRADING to +2 pair of gloves of stealth.
  1884 | D:4      | Identified the +1 ring mail of Defence {Drain Str+4 Dex+5}
  1893 | D:4      | Reached XP level 6. HP: 38/38 MP: 6/6
  1901 | Temple   | Entered the Ecumenical Temple
  1902 | Temple   | 1902 ||| PLANNING OKAWARU WORSHIP
  1911 | Temple   | Became a worshipper of Warmaster Okawaru
  1912 | Temple   | 1912 ||| PLANNING D:1-11
  1952 | D:4      | 1952 ||| UPGRADING to +1 ring mail of Defence {Drain Str+4
                  | Dex+5}.
  1954 | D:4      | 1954 ||| UPGRADING to +1 ring mail of Defence {Drain Str+4
                  | Dex+5}.
  1955 | D:4      | 1955 ||| UPGRADING to +1 ring mail of Defence {Drain Str+4
                  | Dex+5}.
  1956 | D:4      | 1956 ||| UPGRADING to +1 ring mail of Defence {Drain Str+4
                  | Dex+5}.
  1957 | D:4      | 1957 ||| UPGRADING to +1 ring mail of Defence {Drain Str+4
                  | Dex+5}.
  1958 | D:4      | 1958 ||| UPGRADING to +1 ring mail of Defence {Drain Str+4
                  | Dex+5}.
  1959 | D:4      | 1959 ||| UPGRADING to +1 ring mail of Defence {Drain Str+4
                  | Dex+5}.
  1962 | D:4      | 1962 ||| UPGRADING to +1 ring mail of Defence {Drain Str+4
                  | Dex+5}.
  1964 | D:4      | 1964 ||| UPGRADING to +1 ring mail of Defence {Drain Str+4
                  | Dex+5}.
  1965 | D:4      | 1965 ||| UPGRADING to +1 ring mail of Defence {Drain Str+4
                  | Dex+5}.
  1966 | D:4      | 1966 ||| UPGRADING to +1 ring mail of Defence {Drain Str+4
                  | Dex+5}.
  1967 | D:4      | 1967 ||| UPGRADING to +1 ring mail of Defence {Drain Str+4
                  | Dex+5}.
  1968 | D:4      | 1968 ||| UPGRADING to +1 ring mail of Defence {Drain Str+4
                  | Dex+5}.
  1969 | D:4      | 1969 ||| UPGRADING to +1 ring mail of Defence {Drain Str+4
                  | Dex+5}.
  1970 | D:4      | 1970 ||| UPGRADING to +1 ring mail of Defence {Drain Str+4
                  | Dex+5}.
  1971 | D:4      | 1971 ||| UPGRADING to +1 ring mail of Defence {Drain Str+4
                  | Dex+5}.
  1972 | D:4      | 1972 ||| UPGRADING to +1 ring mail of Defence {Drain Str+4
                  | Dex+5}.
  1973 | D:4      | 1973 ||| UPGRADING to +1 ring mail of Defence {Drain Str+4
                  | Dex+5}.
  1974 | D:4      | 1974 ||| UPGRADING to +1 ring mail of Defence {Drain Str+4
                  | Dex+5}.
  1975 | D:4      | 1975 ||| UPGRADING to +1 ring mail of Defence {Drain Str+4
                  | Dex+5}.
  1976 | D:4      | 1976 ||| UPGRADING to +1 ring mail of Defence {Drain Str+4
                  | Dex+5}.
  1977 | D:4      | 1977 ||| UPGRADING to +1 ring mail of Defence {Drain Str+4
                  | Dex+5}.
  1978 | D:4      | 1978 ||| UPGRADING to +1 ring mail of Defence {Drain Str+4
                  | Dex+5}.
  1979 | D:4      | 1979 ||| UPGRADING to +1 ring mail of Defence {Drain Str+4
                  | Dex+5}.
  1980 | D:4      | 1980 ||| UPGRADING to +1 ring mail of Defence {Drain Str+4
                  | Dex+5}.
  1981 | D:4      | 1981 ||| UPGRADING to +1 ring mail of Defence {Drain Str+4
                  | Dex+5}.
  1982 | D:4      | 1982 ||| UPGRADING to +1 ring mail of Defence {Drain Str+4
                  | Dex+5}.
  1983 | D:4      | 1983 ||| UPGRADING to +1 ring mail of Defence {Drain Str+4
                  | Dex+5}.
  1984 | D:4      | 1984 ||| UPGRADING to +1 ring mail of Defence {Drain Str+4
                  | Dex+5}.
  1984 | D:4      | HP: 7/38 [ball python (3)]
  1985 | D:4      | 1985 ||| UPGRADING to +1 ring mail of Defence {Drain Str+4
                  | Dex+5}.
  1986 | D:4      | 1986 ||| UPGRADING to +1 ring mail of Defence {Drain Str+4
                  | Dex+5}.
  1987 | D:4      | 1987 ||| UPGRADING to +1 ring mail of Defence {Drain Str+4
                  | Dex+5}.
  1987 | D:4      | HP: 3/38 [adder (2)]
  1988 | D:4      | 1988 ||| UPGRADING to +1 ring mail of Defence {Drain Str+4
                  | Dex+5}.
  1989 | D:4      | 1989 ||| UPGRADING to +1 ring mail of Defence {Drain Str+4
                  | Dex+5}.
  1990 | D:4      | 1990 ||| UPGRADING to +1 ring mail of Defence {Drain Str+4
                  | Dex+5}.
  1991 | D:4      | 1991 ||| UPGRADING to +1 ring mail of Defence {Drain Str+4
                  | Dex+5}.
  1992 | D:4      | 1992 ||| UPGRADING to +1 ring mail of Defence {Drain Str+4
                  | Dex+5}.
  1993 | D:4      | 1993 ||| UPGRADING to +1 ring mail of Defence {Drain Str+4
                  | Dex+5}.
  1994 | D:4      | 1994 ||| UPGRADING to +1 ring mail of Defence {Drain Str+4
                  | Dex+5}.
  1995 | D:4      | 1995 ||| UPGRADING to +1 ring mail of Defence {Drain Str+4
                  | Dex+5}.
  1995 | D:4      | HP: 2/38 [constriction (1)]
  1996 | D:4      | 1996 ||| UPGRADING to +1 ring mail of Defence {Drain Str+4
                  | Dex+5}.
  1997 | D:4      | 1997 ||| UPGRADING to +1 ring mail of Defence {Drain Str+4
                  | Dex+5}.
  1998 | D:4      | 1998 ||| UPGRADING to +1 ring mail of Defence {Drain Str+4
                  | Dex+5}.
  1999 | D:4      | 1999 ||| UPGRADING to +1 ring mail of Defence {Drain Str+4
                  | Dex+5}.
  1999 | D:4      | Frozen to death by an endoplasm

Levels and vault maps discovered:
D:1:      dpeg_arrival_rooms_a, layout_basic
D:2:      layout_rooms, hellmonk_ecumenical_altar_zigzags,
          uniq_crazy_yiuf_cottage
D:3:      layout_loops_ring, lightli_temple_of_fire, minmay_fractal_squares_5
D:4:      layout_loops_ring, nicolae_wu_jian_glorious_leap,
          mainiacjoe_overflow_concentric_impassable, minmay_temple_entry_wispy,
          kennysheep_generic_room_4
Temple:   hellmonk_temple_rainy

Skill      XL: |  1  2  3  4  5 |
---------------+----------------+-----
Armour         | 1 |  1.2
Ranged Weapons | 5 6 |  6.3
Fighting       | 3 4 |  4.0
Dodging        | |  1.5
Stealth        | |  1.1

Action                     |  1- 3 |  4- 6 || total
---------------------------+-------+-------++-------
   Fire: Shortbow          |   116 |    55 ||   171
    Use: Scroll            |     5 |     2 ||     7
         Potion            |     2 |       ||     2
 Armour: Leather armour    |     2 |       ||     2
         Ring mail         |    27 |   121 ||   148
  Dodge: Dodged            |    17 |    90 ||   107

Table legend:
 A = Non-vault XP
 B = Vault XP
 C = Vault XP percentage of total XP
 D = Non-vault monster count
 E = Vault monster count
 F = Vault count percentage of total count
                 A         B        C        D         E       F
            +---------+---------+-------+---------+---------+-------
      Total |     356 |      20 |   5.3 |      52 |       6 |  10.3
            +---------+---------+-------+---------+---------+-------
        D:1 |      21 |       0 |   0.0 |      12 |       0 |   0.0
        D:2 |      33 |       0 |   0.0 |      15 |       0 |   0.0
        D:3 |      23 |      20 |  46.5 |      12 |       6 |  33.3
        D:4 |     279 |       0 |   0.0 |      13 |       0 |   0.0
            +---------+---------+-------+---------+---------+-------
